 Dungeon Crawl Stone Soup version 0.20.1-1-g8b1a95d (webtiles) character file.

59090 Inarius the Lord of Darkness (level 14, -4/109 HPs)
             Began as a Demonspawn Necromancer on July 7, 2017.
             Was the Champion of Kikubaaqudgha.
             Killed from afar by an orc sorcerer (32 damage)
             ... with a bolt of negative energy
             ... on level 2 of the Orcish Mines.
             The game lasted 01:58:21 (20453 turns).

Inarius the Lord of Darkness (DsNe)                Turns: 20453, Time: 01:58:22

Health: -4/109     AC: 16    Str: 10    XL:     14   Next: 51%
Magic:  12/38      EV: 12    Int: 24    God:    Kikubaaqudgha [******]
Gold:   1888       SH:  4    Dex: 16    Spells: 6/35 levels left

rFire    + + +     SeeInvis .   q - +8 morningstar of Anger {drain, rC+ MR+ Str+4 Dex+2}
rCold    + + +     Gourm    +   B - +0 buckler
rNeg     . . .     Faith    .   V - +1 acid dragon scales
rPois    .         Spirit   .   (no helmet)
rElec    .         Reflect  .   J - +2 cloak {rF+}
rCorr    +         Harm     .   a - +0 pair of gloves
MR       ++...                  t - +2 pair of boots
Stlth    +++.......             g - amulet of the gourmand
Regen    1.3/turn               u - ring of Fyipipt {+Blink rF+ rC+ Stlth+}
MPRegen  0.3/turn               d - ring "Qutocvas" {MP+9 Stlth+}

@: death channel, regenerating, drained
A: hooves 2, yellow scales 1, clever 1, cold resistance 1, deformed body, fire
resistance 2, shaggy fur 1, spiny 2, weak 1, augmentation 1, freezing cloud
immunity
a: Receive Corpses, Torment, Brand Weapon With Pain, Receive Necronomicon,
Renounce Religion, Evoke Blink


You were on level 2 of the Orcish Mines.
You worshipped Kikubaaqudgha.
Kikubaaqudgha was exalted by your worship.
You were full.

You visited 3 branches of the dungeon, and saw 19 of its levels.
You also visited: Volcano.

You collected 2476 gold pieces.
You spent 588 gold pieces at shops.

Inventory:

Hand Weapons
 q - the +8 morningstar of Anger (weapon) {drain, rC+ MR+ Str+4 Dex+2}
   (You found it on level 5 of the Lair of Beasts)

   A truly terrible weapon, it drains the life of those it strikes.
   It affects your strength (+4).
   It affects your dexterity (+2).
   It protects you from cold.
   It affects your resistance to hostile enchantments.
Armour
 a - a +0 pair of gloves (worn)
 t - a +2 pair of boots (worn)
 y - +0 fire dragon scales
 B - a +0 buckler (worn)
 J - a +2 cloak of fire resistance (worn)
 V - +1 acid dragon scales (worn)
Magical Staves
 F - an uncursed staff of energy
Jewellery
 d - the ring "Qutocvas" (right hand) {MP+9 Stlth+}
   (You acquired it on level 4 of the Lair of Beasts)

   [ring of magical power]

   It affects your magic capacity (+9).
   It makes you more stealthy.
 g - an amulet of the gourmand (around neck)
 u - the ring of Fyipipt (left hand) {+Blink rF+ rC+ Stlth+}
   (You acquired it on level 10 of the Dungeon)

   [ring of protection from cold]

   It protects you from fire.
   It protects you from cold.
   It lets you blink.
   It makes you more stealthy.
 G - an uncursed ring of resist corrosion
 H - a +2 ring of evasion
Wands
 k - a wand of lightning (6/15)
 r - a wand of disintegration (15/24)
 E - a wand of digging (13/24)
 O - a wand of clouds (5/9)
 R - a wand of random effects (19/48)
 U - a wand of iceblast (8/15)
 Z - a wand of acid (10/15)
Scrolls
 e - 3 scrolls of fear
 i - a scroll of holy word {unknown}
 l - 6 scrolls of recharging
 m - 2 scrolls of fog
 v - 8 scrolls of teleportation
 x - 4 scrolls of immolation
 A - 5 scrolls of remove curse
 C - a scroll of summoning
 K - a scroll of enchant armour
 W - a scroll of blinking
 X - a scroll of magic mapping
Potions
 b - 2 potions of agility
 f - a potion of berserk rage
 j - 3 potions of curing
 o - a potion of invisibility
 s - 3 potions of flight
 w - a potion of mutation
 D - a potion of lignification
 N - a potion of brilliance
 S - 2 potions of cancellation
 T - 2 potions of resistance
 Y - 3 potions of might
Books
 I - Kikubaaqudgha's Catalogue of Unholy Arts
   (Kikubaaqudgha gifted it to you on level 7 of the Dungeon)

   Spells                             Type                      Level
   a - Animate Skeleton               Necromancy                   1
   b - Corpse Rot                     Necromancy                   2
   c - Sublimation of Blood           Necromancy                   2
   d - Regeneration                   Charms/Necromancy            3
   e - Control Undead                 Necromancy                   4
 M - Kikubaaqudgha's Volume of Evil Magic
   (Kikubaaqudgha gifted it to you on level 9 of the Dungeon)

   Spells                             Type                      Level
   a - Animate Dead                   Necromancy                   4
   b - Excruciating Wounds            Charms/Necromancy            5
   c - Dispel Undead                  Necromancy                   5
   d - Simulacrum                     Ice/Necromancy               6
   e - Death Channel                  Necromancy                   6
Miscellaneous
 n - a fan of gales
 P - a lightning rod (4/4)
 Q - 2 sacks of spiders
Comestibles
 c - 12 bread rations
 h - 6 meat rations
 p - 14 royal jellies
 z - 33 fruits


   Skills:
 * Level 9.9(8.9) Fighting
   Level 4.6(3.8) Long Blades
 + Level 5.5(4.7) Maces & Flails
 + Level 6.0(5.2) Armour
 + Level 4.3(3.5) Dodging
 - Level 1.7(1.0) Stealth
 + Level 2.1(1.4) Shields
 + Level 11.0(10.0) Spellcasting
 + Level 4.6(3.8) Charms
 * Level 16.8(15.7) Necromancy
 + Level 5.1(4.3) Evocations


You had 6 spell levels left.
You knew the following spells:

 Your Spells              Type           Power        Failure   Level  Hunger
a - Pain                  Necr           ####         0%          1    None
b - Animate Skeleton      Necr           N/A          0%          1    None
c - Vampiric Draining     Necr           ######....   1%          3    None
d - Regeneration          Chrm/Necr      ######....   1%          3    None
e - Animate Dead          Necr           N/A          1%          4    #......
f - Control Undead        Necr           ######....   1%          4    #......
g - Dispel Undead         Necr           ######..     1%          5    ####...
h - Sublimation of Blood  Necr           ######....   1%          2    None
i - Death Channel         Necr           ######....   2%          6    ######.


Dungeon Overview and Level Annotations

Branches:
Dungeon (11/15)            Temple (0/1) D:6            Lair (6/6) D:9
  Swamp (0/4) Lair:4        Snake (0/4) Lair:3        Slime (0/5) Lair:6
    Orc (2/2) D:10            Elf (0/3) Orc:2

Altars:
Cheibriados
Gozag
Kikubaaqudgha
Qazlal
The Shining One
Beogh

Shops:
D:5 }   D:8 (   Orc:2 !


Innate Abilities, Weirdness & Mutations

You have hoof-like feet.
You are partially covered in yellow scales. (AC +2)
Your flesh is cold resistant. (rC+)
You are mostly covered in sharp spines.
Your magical and physical power is slightly enhanced at high health.
You are immune to freezing clouds.
Your mind is acute. (Int +2)
Armour fits poorly on your strangely shaped body.
Your flesh is very heat resistant. (rF++)
You are covered in fur. (AC +1)
You are weak. (Str -2)


Message History

The bolt of fire hits your spectral orc priest.
The bolt of fire misses you. What are your orders? t - Shout!
Orders for allies: a - Attack new target. r - Retreat! s - Stop attacking. g - Guard the area. f - Follow me.
Anything else - Cancel.
Gang up on whom?
Press: ? - help, Dir - move target cursor, f - orc sorcerer
Aim: an orc sorcerer, wielding a dagger and wearing a runed robe Attack!
The orc sorcerer shouts, "You can't withstand my power!"
Your spectral orc priest barely misses the orc sorcerer.
The orc sorcerer points at you and mumbles some strange words.
The bolt of negative energy hits your spectral orc priest.
Your spectral orc priest completely resists.
The bolt of negative energy hits you!
You feel drained.
You die...
Kikubaaqudgha rasps: "You have failed me!
Welcome... death!"

####.....#######.......#
##.#.......#.#...........
##............#...........
##.......#............#....
#.......####.........###...
#......###.........###.....
###....##..)........#....).
###...#............#....#
###....@.......8.......#
#.....ZZZZ.........)....
##....o..#...8.∩.8.))..#
###)).########.......##
##...)).#.## #8.......#
##..........####.......##
#.....................Z.#
#......##..............Z.
##....###>..........#.#...


You could see an orc sorcerer, a friendly spectral orc priest, a friendly
spectral orc high priest, a friendly spectral orc wizard and a friendly spectral
ettin.

Vanquished Creatures
  A dire elephant (Lair:5)
  An ettin (Orc:2)
  A fire dragon (Lair:6)
  Harold (D:11)
  3 hydras
  A catoblepas (Lair:5)
  A death yak (Lair:5)
  3 two-headed ogres
  A tengu warrior (D:10)
  A fire crab (Volcano)
  The ghost of polve the Cleaver, a novice DsGl of Uskayaw (D:8)
  2 lindwurms
  Pikel (D:9)
  An orc knight (Orc:1)
  An orc sorcerer (Orc:2)
  A cyclops (D:11)
  3 elephants (Lair:6)
  3 torpor snails (Lair:6)
  10 black mambas
  Psyche (D:9)
  A centaur skeleton (D:11)
  10 spiny frogs
  5 komodo dragons
  A rime drake (Lair:3)
  A troll (D:11)
  5 hornets (Lair:6)
  7 blink frogs
  2 tyrant leeches (Lair:6)
  A dream sheep (Lair:5)
  9 hippogriffs
  A redback (Lair:6)
  10 yaks
  Sigmund (D:6)
  4 wraiths (Orc:2)
  Grum (D:9)
  4 fire bats (Volcano)
  A steam dragon (Volcano)
  A hungry ghost (D:9)
  Menkaure (D:7)
  A warg (Orc:1)
  An acid dragon (D:11)
  13 water moccasins
  Duvessa (D:7)
  2 hell hounds (Volcano)
  4 sky beasts
  3 porcupines
  A black bear (D:8)
  2 ice beasts
  18 orc warriors
  A necrophage (D:6)
  7 ogres
  2 phantoms
  A centaur (D:10)
  13 wolves
  6 crocodiles
  4 big kobolds
  A gnoll sergeant (D:10)
  12 bullfrogs
  A wyvern skeleton (D:10)
  Dowan (D:7)
  4 scorpions
  26 killer bees
  6 wights
  An electric eel (Lair:4)
  6 howler monkeys
  3 crimson imps
  3 lava snakes (Volcano)
  A bullfrog zombie (D:10)
  5 hounds
  10 orc priests
  9 jellies
  26 orc wizards
  4 iguanas
  11 worker ants
  A killer bee zombie (D:5)
  7 gnolls
  9 adders
  2 shadow imps (D:7)
  2 oozes (D:4)
  An adder skeleton (D:5)
  2 adder zombies
  A worm (D:4)
  3 dart slugs
  6 leopard geckos
  59 orcs
  5 bats
  2 giant cockroaches (D:2)
  8 goblins
  3 hobgoblins (D:1)
  9 jackals
  3 quokkas
  A ball python (D:4)
  5 frilled lizards
  19 kobolds
  A leopard gecko skeleton (D:7)
  A leopard gecko zombie (D:8)
  A quokka skeleton (D:9)
  6 rats
471 creatures vanquished.

Vanquished Creatures (collateral kills)
  An acid blob (Lair:6)
  An orc warlord (Orc:1)
  Josephine (Orc:2)
  A hydra (Lair:3)
  5 death yaks (Lair:5)
  A two-headed ogre (D:8)
  An orc high priest (Orc:2)
  An obsidian statue (Volcano)
  A lindwurm (Lair:6)
  2 oklob plants (Lair:3)
  A wolf spider (Lair:6)
  A guardian serpent (Lair:6)
  3 elephants (Lair:6)
  9 spiny frogs
  A gargoyle (D:10)
  A centaur skeleton (D:10)
  3 black mambas
  2 torpor snails (Lair:6)
  2 rime drakes (Lair:5)
  2 komodo dragons (Lair:3)
  A troll (D:9)
  4 hornets (Lair:6)
  A queen bee (Lair:3)
  A tyrant leech (Lair:6)
  11 blink frogs
  8 hippogriffs
  A fire bat (Volcano)
  14 yaks
  5 wyverns (Lair:6)
  A redback (Lair:6)
  A steam dragon (Lair:3)
  6 basilisks (Lair:3)
  15 water moccasins
  2 orc warriors
  2 porcupines
  A black bear (D:7)
  An ice beast (D:8)
  6 wolves
  2 ogres
  4 crocodiles
  A bullfrog (D:8)
  12 killer bees (Lair:3)
  2 wights (D:7)
  An electric eel (Lair:5)
  3 lava snakes
  5 jellies (Lair:6)
  3 orc priests
  3 orc wizards
  A hell rat (Lair:3)
  3 adders (Lair:3)
  A gnoll (D:11)
  2 oozes
  6 orcs
  A ball python (Lair:3)
  2 kobolds (D:11)
  A rat (D:1)
  19 fungi
  27 plants
220 creatures vanquished.

Vanquished Creatures (others)
  A water moccasin (Lair:3)
  A killer bee (Lair:3)
  3 fungi (Lair:6)
  21 plants
  4 toadstools (Lair:5)
30 creatures vanquished.

Grand Total: 721 creatures vanquished

Notes
Turn   | Place    | Note
-------+----------+-------------------------------------------
     0 | D:1      | Inarius the Demonspawn Necromancer began the quest for the Orb.
     0 | D:1      | Reached XP level 1. HP: 13/13 MP: 3/3
    77 | D:1      | Learned a level 1 spell: Animate Skeleton
   264 | D:1      | Gained mutation: You are partially covered in sharp spines. [demonic ancestry]
   264 | D:1      | Reached XP level 2. HP: 16/20 MP: 0/5
   344 | D:1      | Reached skill level 1 in Fighting
   722 | D:1      | Gained mutation: You have large cloven feet. [demonic ancestry]
   722 | D:1      | Reached XP level 3. HP: 25/26 MP: 3/6
   752 | D:1      | Reached skill level 5 in Necromancy
   958 | D:2      | Found a glowing golden altar of the Shining One.
  1049 | D:2      | Reached skill level 1 in Armour
  1119 | D:2      | Learned a level 3 spell: Vampiric Draining
  1865 | D:3      | Reached XP level 4. HP: 30/32 MP: 4/7
  1895 | D:3      | Found a faded altar of an unknown god.
  2495 | D:3      | Noticed a bullfrog
  2498 | D:3      | Killed a bullfrog
  2498 | D:3      | Gained mutation: You are partially covered in yellow scales. (AC +2) [demonic ancestry]
  2498 | D:3      | Reached XP level 5. HP: 37/37 MP: 7/9
  2809 | D:4      | Noticed a phantom
  2834 | D:4      | Killed a phantom
  2834 | D:4      | Reached skill level 6 in Necromancy
  2925 | D:4      | Reached XP level 6. HP: 30/44 MP: 6/11
  3129 | D:4      | Found a snail-covered altar of Cheibriados.
  3904 | D:5      | Entered Level 5 of the Dungeon
  4007 | D:4      | Learned a level 3 spell: Regeneration
  4012 | D:4      | Learned a level 4 spell: Animate Dead
  4467 | D:5      | Gained mutation: Your flesh is cold resistant. (rC+) [demonic ancestry]
  4467 | D:5      | Reached XP level 7. HP: 41/51 MP: 12/12
  4517 | D:5      | Found an ancient bone altar of Kikubaaqudgha.
  4518 | D:5      | Found an opulent altar of Gozag.
  4518 | D:5      | Found a glowing golden altar of the Shining One.
  4518 | D:5      | Found a stormy altar of Qazlal.
  4521 | D:5      | Reached skill level 7 in Necromancy
  4531 | D:5      | Became a worshipper of Kikubaaqudgha
  4766 | D:5      | Found Voastou's Gadget Emporium.
  5024 | D:6      | Noticed Sigmund
  5032 | D:6      | Killed Sigmund
  5032 | D:6      | Reached skill level 1 in Maces & Flails
  5095 | D:6      | Found a staircase to the Ecumenical Temple.
  5167 | D:6      | Reached XP level 8. HP: 58/58 MP: 14/14
  5170 | D:6      | Reached skill level 8 in Necromancy
  5181 | D:6      | Gained mutation: You have supernaturally acute eyesight. (SInv) [mutagenic meat]
  5182 | D:6      | Gained mutation: You are clumsy. (Dex -2) [mutagenic meat]
  5183 | D:6      | Gained mutation: Your flesh is heat resistant. (rF+) [mutagenic meat]
  5184 | D:6      | Gained mutation: Your magical capacity is low. (-10% MP) [mutagenic meat]
  5186 | D:6      | Gained mutation: Your flesh is very heat resistant. (rF++) [mutagenic meat]
  5217 | D:6      | Noticed a two-headed ogre
  5225 | D:6      | Killed a two-headed ogre
  5225 | D:6      | Reached skill level 5 in Spellcasting
  5225 | D:6      | Reached skill level 9 in Necromancy
  5562 | D:7      | Noticed Menkaure
  5569 | D:7      | Killed Menkaure
  5569 | D:7      | Gained mutation: You are mostly covered in sharp spines. [demonic ancestry]
  5569 | D:7      | Reached XP level 9. HP: 66/66 MP: 15/15
  5695 | D:7      | Reached skill level 1 in Charms
  5872 | D:7      | Noticed Duvessa
  5872 | D:7      | Noticed Dowan
  5884 | D:7      | Killed Dowan
  5885 | D:7      | Killed Duvessa
  5938 | D:7      | Reached * piety under Kikubaaqudgha
  5938 | D:7      | Identified Kikubaaqudgha's Catalogue of Unholy Arts (Kikubaaqudgha gifted it to you on level 7 of the Dungeon)
  5938 | D:7      | Received a gift from Kikubaaqudgha
  6011 | D:7      | Learned a level 4 spell: Control Undead
  6441 | D:8      | Found Plog's Antique Weapon Shoppe.
  6524 | D:8      | Noticed polve's ghost (novice DsGl)
  6570 | D:8      | Killed polve's ghost
  6570 | D:8      | Reached skill level 10 in Necromancy
  6996 | D:8      | Reached skill level 1 in Evocations
  7005 | D:8      | Noticed a two-headed ogre
  7013 | D:8      | Killed a two-headed ogre
  7013 | D:8      | Reached ** piety under Kikubaaqudgha
  7013 | D:8      | Reached XP level 10. HP: 57/73 MP: 7/18
  7533 | D:9      | Noticed Grum
  7547 | D:9      | Killed Grum
  7781 | D:9      | Found a staircase to the Lair.
  7788 | D:9      | Noticed Psyche
  7790 | D:9      | Killed Psyche
  7790 | D:9      | Reached skill level 5 in Fighting
  7876 | D:9      | Reached skill level 11 in Necromancy
  7882 | D:9      | Reached *** piety under Kikubaaqudgha
  7882 | D:9      | Identified Kikubaaqudgha's Volume of Evil Magic (Kikubaaqudgha gifted it to you on level 9 of the Dungeon)
  7882 | D:9      | Received a gift from Kikubaaqudgha
  7905 | D:9      | Learned a level 5 spell: Dispel Undead
  8039 | D:9      | Noticed a two-headed ogre
  8040 | D:9      | Noticed Pikel
  8047 | D:9      | Killed a two-headed ogre
  8055 | D:9      | Killed Pikel
  8087 | D:9      | Learned a level 2 spell: Sublimation of Blood
  8324 | D:10     | Entered Level 10 of the Dungeon
  8352 | D:10     | Gained mutation: You have hoof-like feet. [demonic ancestry]
  8352 | D:10     | Reached XP level 11. HP: 78/80 MP: 20/20
  8358 | D:10     | Gained mutation: You are weak. (Str -2) [mutagenic meat]
  8359 | D:10     | Lost mutation: You have supernaturally acute eyesight. (SInv) [mutagenic meat]
  8360 | D:10     | Gained mutation: You have hooves in place of feet. [mutagenic meat]
  8362 | D:10     | Gained mutation: Your system is resistant to poisons. (rPois) [mutagenic meat]
  8365 | D:10     | Lost mutation: Your magical capacity is low. (-10% MP) [potion of mutation]
  8365 | D:10     | Lost mutation: You are weak. (Str -2) [potion of mutation]
  8365 | D:10     | Lost mutation: You have hooves in place of feet. [potion of mutation]
  8365 | D:10     | Lost mutation: You are clumsy. (Dex -2) [potion of mutation]
  8365 | D:10     | Lost mutation: Your system is resistant to poisons. (rPois) [potion of mutation]
  8365 | D:10     | Gained mutation: Armour fits poorly on your strangely shaped body. [potion of mutation]
  8365 | D:10     | Gained mutation: You are weak. (Str -2) [potion of mutation]
  8365 | D:10     | Gained mutation: You are covered in fur. (AC +1) [potion of mutation]
  8365 | D:10     | Gained mutation: Your mind is acute. (Int +2) [potion of mutation]
  8641 | D:10     | Identified a scroll of acquirement
  8644 | D:10     | Got a vibrating ivory ring
  8646 | D:10     | Identified the ring of Fyipipt {+Blink rF+ rC+ Stlth+} (You acquired it on level 10 of the Dungeon)
  8745 | D:10     | Noticed a tengu warrior
  8762 | D:10     | Killed a tengu warrior
  8869 | D:10     | Noticed a two-headed ogre
  8885 | D:10     | Killed a two-headed ogre
  9104 | D:10     | Reached **** piety under Kikubaaqudgha
  9146 | D:10     | Found a staircase to the Orcish Mines.
  9157 | D:10     | Found a roughly hewn altar of Beogh.
  9386 | D:10     | Reached skill level 5 in Evocations
 10276 | D:11     | Reached skill level 5 in Armour
 10276 | D:11     | Reached skill level 12 in Necromancy
 10859 | D:11     | Reached ***** piety under Kikubaaqudgha
 10931 | D:11     | Noticed Harold
 10962 | D:11     | Killed Harold
 11239 | D:8      | Bought a glowing demon blade for 468 gold pieces
 11467 | Lair:1   | Entered Level 1 of the Lair of Beasts
 11580 | Lair:1   | Reached skill level 1 in Long Blades
 11696 | Lair:1   | Learned a level 6 spell: Death Channel
 11730 | Lair:1   | Reached XP level 12. HP: 47/89 MP: 15/25
 12091 | Lair:1   | Reached skill level 13 in Necromancy
 13195 | Lair:3   | Reached skill level 10 in Spellcasting
 13277 | Lair:3   | Found a staircase to the Snake Pit.
 13940 | Lair:3   | Noticed a six-headed hydra
 13954 | Lair:3   | Killed a six-headed hydra
 13954 | Lair:3   | Reached ****** piety under Kikubaaqudgha
 14467 | Lair:4   | Found a dark tunnel.
 14527 | Volcano  | Entered a volcano
 14552 | Volcano  | Reached skill level 14 in Necromancy
 14620 | Volcano  | Reached skill level 1 in Shields
 14710 | Volcano  | Gained mutation: Your magical and physical power is slightly enhanced at high health. [demonic ancestry]
 14710 | Volcano  | Reached XP level 13. HP: 78/98 MP: 3/27
 14711 | Volcano  | Found a radiant altar of Vehumet.
 15204 | Lair:4   | Found a staircase to the Swamp.
 15502 | Lair:4   | Got an ancient steel ring
 15504 | Lair:4   | Identified the ring "Qutocvas" {MP+9 Stlth+} (You acquired it on level 4 of the Lair of Beasts)
 15876 | Lair:5   | Learned a level 3 spell: Ozocubu's Armour
 16010 | Lair:5   | Got a warped robe
 16021 | Lair:5   | Identified the +1 robe "Elajag" {Str+2} (You found it on level 5 of the Lair of Beasts)
 16577 | Lair:5   | Reached skill level 15 in Necromancy
 16608 | Lair:5   | Found a runed door.
 16695 | Lair:5   | Noticed a dire elephant
 16766 | Lair:5   | Killed a dire elephant
 16930 | Lair:5   | Got an ichor-stained morningstar
 16934 | Lair:5   | Identified the +8 morningstar of Anger {drain, rC+ MR+ Str+4 Dex+2} (You found it on level 5 of the Lair of Beasts)
 17078 | Lair:6   | Entered Level 6 of the Lair of Beasts
 17601 | Lair:6   | Found a runed door.
 17604 | Lair:6   | Noticed a fire dragon
 17613 | Lair:6   | Killed a fire dragon
 17617 | Lair:6   | Gained mutation: You are immune to freezing clouds. [demonic ancestry]
 17617 | Lair:6   | Reached XP level 14. HP: 82/108 MP: 28/28
 17686 | Lair:6   | Reached skill level 16 in Necromancy
 17730 | Lair:6   | Paralysed by a hornet for 3 turns
 17934 | Lair:6   | Noticed an acid blob
 17940 | Lair:6   | Killed an acid blob
 18007 | Lair:6   | Found a staircase to the Slime Pits.
 18019 | Lair:6   | Reached skill level 5 in Maces & Flails
 18785 | Orc:1    | Entered Level 1 of the Orcish Mines
 18837 | Orc:1    | Noticed an orc warlord
 18862 | Orc:1    | HP: 1/109 [orc warlord/bolt (31)]
 18880 | Orc:1    | Killed an orc warlord
 19481 | Orc:2    | Entered Level 2 of the Orcish Mines
 19601 | Orc:2    | Found Denuesupn's Distillery.
 19644 | Orc:2    | Bought a potion of curing for 45 gold pieces
 19644 | Orc:2    | Bought a potion of berserk rage for 75 gold pieces
 19696 | Orc:2    | Noticed Josephine
 19706 | Orc:2    | Killed Josephine
 19985 | Orc:2    | Found a staircase to the Elven Halls.
 20453 | Orc:2    | Killed from afar by an orc sorcerer

Skill      XL: |  1  2  3  4  5  6  7  8  9 10 11 12 13 14 |
---------------+-------------------------------------------+-----
Fighting       | 1 2 3 4 5 6 8 9 |  9.9
Necromancy     | 5 6 7 9 10 11 12 14 15 16 | 16.8
Armour         | 1 2 3 4 5 6 |  6.0
Spellcasting   | 3 4 5 7 8 9 10 11 | 11.0
Maces & Flails | 1 2 4 5 |  5.5
Charms         | 2 3 4 |  4.6
Dodging        | 2 3 4 |  4.3
Evocations     | 1 4 5 |  5.1
Long Blades    | 1 3 4 |  4.6
Shields        | 1 2 |  2.1
Stealth        | |  1.7

Action                   |  1- 3 |  4- 6 |  7- 9 | 10-12 | 13-15 || total
-------------------------+-------+-------+-------+-------+-------++-------
Melee: Whip              |    26 |    53 |   139 |   261 |       ||   479
       Kick              |     3 |     2 |       |     4 |       ||     9
       Demon blade       |       |       |       |   179 |   135 ||   314
       Morningstar       |       |       |       |       |   158 ||   158
 Cast: Pain              |    48 |    33 |    38 |    55 |     8 ||   182
       Animate Skeleton  |    18 |    16 |    10 |    23 |     8 ||    75
       Vampiric Draining |       |       |     9 |   108 |    97 ||   214
       Animate Dead      |       |       |    11 |    45 |    24 ||    80
       Regeneration      |       |       |     4 |    27 |    24 ||    55
       Control Undead    |       |       |     2 |     2 |       ||     4
       Sublimation of Bl |       |       |       |     3 |       ||     3
       Dispel Undead     |       |       |       |     7 |     4 ||    11
       Death Channel     |       |       |       |    17 |    41 ||    58
Invok: Receive Corpses   |       |       |       |       |     3 ||     3
Evoke: Wand              |       |       |       |     1 |     4 ||     5
  Use: Scroll            |     2 |     6 |     2 |    16 |    10 ||    36
       Potion            |       |       |     3 |     3 |     7 ||    13
 Stab: Sleeping          |     2 |     2 |       |     7 |    10 ||    21
       Distracted        |       |     1 |     1 |     2 |     6 ||    10
  Eat: Chunk             |     4 |    19 |    16 |    46 |    36 ||   121
       Bread ration      |       |       |       |       |     1 ||     1
Armor: Robe              |    12 |       |       |       |       ||    12
       Leather armour    |     2 |     1 |       |    14 |       ||    17
       Ring mail         |       |    24 |    62 |    60 |       ||   146
       Scale mail        |       |       |       |    47 |       ||    47
       Acid dragon scale |       |       |       |   123 |   231 ||   354
Dodge: Dodged            |    21 |    18 |    64 |   361 |   277 ||   741
Block: Buckler           |       |       |       |    45 |   109 ||   154
       Rpst.: Demon blade |       |       |       |    46 |    17 ||    63
